 Dungeon Crawl Stone Soup version 0.28.0 (webtiles) character file.

Game seed: 790755349191279942

1031 BALLS the Slasher (level 8, -10/43 HPs)
             Began as a Vine Stalker Fighter on Feb 24, 2022.
             Was a Follower of Okawaru.
             Killed by nerve-wracking pain
             ... invoked by an orc priest
              (12 damage)
             ... on level 5 of the Dungeon on Feb 25, 2022.
             The game lasted 00:07:28 (3973 turns).

BALLS the Slasher (Vine Stalker Fighter)            Turns: 3973, Time: 00:07:29

Health: -10/43     AC:  8    Str: 21    XL:     8   Next: 23%
Magic:  0/11       EV:  9    Int:  8    God:    Okawaru [*.....]
Gold:   239        SH:  9    Dex: 14    Spells: 7/7 levels left

rFire   . . .      SeeInvis .   a - +0 long sword
rCold   . . .      Faith    .   c - +0 buckler
rNeg    . . .      Spirit   +   b - +0 scale mail
rPois   .          Reflect  +   (no helmet)
rElec   .          Harm     .   (no cloak)
rCorr   .          Rampage  .   n - +0 pair of gloves
Will    +....                   k - +0 pair of boots
Stlth   ..........              h - amulet of reflection
HPRegen 0.94/turn               (no ring)
MPRegen 0.12/turn               (no ring)

@: no status effects
A: fangs 3, regeneration 1, magic shield, antimagic bite, no potion heal 2
a: Renounce Religion, Heroism


You were on level 5 of the Dungeon.
You worshipped Okawaru.
Okawaru was aware of your devotion.
You visited 2 branches of the dungeon, and saw 6 of its levels.

You collected 239 gold pieces.

Inventory:

Hand Weapons
 a - a +0 long sword (weapon)
Missiles
 p - 2 throwing nets (quivered)
Armour
 b - a +0 scale mail (worn)
 c - a +0 buckler (worn)
 k - a +0 pair of boots (worn)
 n - a +0 pair of gloves (worn)
 r - an orb of light
Jewellery
 h - an amulet of reflection (around neck)
Wands
 w - a wand of digging (5)
Scrolls
 e - 3 scrolls of vulnerability {unknown}
 f - 4 scrolls of enchant weapon {unknown}
 g - a scroll of magic mapping {unknown}
 l - a scroll of brand weapon {unknown}
 m - a scroll of fear {unknown}
 t - 4 scrolls of identify {unknown}
 u - 2 scrolls of teleportation {unknown}
 v - 2 scrolls of fog {unknown}
 x - a scroll of noise {unknown}
Potions
 d - 2 potions of might
 i - a potion of ambrosia {unknown}
 j - 3 potions of lignification {unknown}
 o - a potion of flight {unknown}
 q - 2 potions of invisibility {unknown}
 s - 4 potions of curing {unknown}
 z - a potion of heal wounds {unknown}


   Skills:
 - Level 5.0 Fighting
 - Level 7.0 Long Blades
 - Level 2.4 Armour
 - Level 2.6 Shields
 + Level 3.1 Invocations


You had 7 spell levels left.
You didn't know any spells.
Your spell library contained the following spells:

 Spells                   Type           Power      Damage    Failure   Level
 Gell's Gravitas          Tloc           0%         N/A       99%         3
 Teleport Other           Tloc           0%         N/A       99%         3
 Dispersal                Tloc           0%         N/A       100%        6


Dungeon Overview and Level Annotations

Branches:
Dungeon (5/15)             Temple (1/1) D:5

Altars:
Ashenzari
Dithmenos
Elyvilon
Fedhas
Gozag
Hepliaklqana
Kikubaaqudgha
Nemelex Xobeh
Okawaru
Qazlal
Sif Muna
Trog
Vehumet
Wu Jian
Xom
Yredelemnul
The Shining One

Shops:
D:2 *[   D:4 *


Innate Abilities, Weirdness & Mutations

You have razor-sharp teeth.
Your natural rate of healing is unusually fast.
When hurt, damage is shared between your health and your magic reserves.
Your bite disrupts and absorbs the magic of your enemies.
Potions cannot restore your health.


Message History

The orc priest calls down the wrath of Beogh upon you.
Beogh smites you!
You slash the orc!
You kill the orc!
Okawaru accepts your kill.
The orc priest hits you with a +0 trident.
You slash the orc priest! You bite the orc priest. You drain its power.
You feel invigorated.
The orc priest is severely wounded.
The orc priest hits you with a +0 trident.
You block the orc wizard's attack.
You hit the orc priest but do no damage.
The orc priest is severely wounded.
The orc priest invokes the aid of Beogh against you.
Beogh smites you! You block the orc wizard's attack.
You hit the orc priest but do no damage.
The orc priest is severely wounded.
The orc priest hits you with a +0 trident.
You block the orc wizard's attack.
You hit the orc priest but do no damage.
Your bite misses the orc priest.
The orc priest is severely wounded.
You block the orc priest's attack. The orc wizard barely misses you.
You barely miss the orc priest.
You bite the orc priest, but do no damage.
The orc priest is severely wounded.
The orc wizard closely misses you.
The orc priest mumbles some strange prayers to Beogh against you.
Beogh smites you!
* * * LOW HITPOINT WARNING * * *
You hit the orc priest but do no damage.
Your bite misses the orc priest.
The orc priest is severely wounded.
You block the orc wizard's attack.
The orc priest hits you with a +0 trident.
* * * LOW HITPOINT WARNING * * *
You block the orc wizard's attack.
The orc priest mumbles some strange prayers to Beogh against you.
Pain shoots through your body!
You die...

# #.# . #.##
#.##... .#...##
# ..... # ... #
#o# # #@#####.#
# #.o.....# #
#.####### # #.#
# ##########.# #
#........#.# #
#.######.#.#
#####.######.#.#
#..............#
##########


You could see an orc priest and an orc wizard.

Vanquished Creatures
  Menkaure (D:4)
  2 phantoms
  A howler monkey (D:5)
  2 bullfrog zombies (D:5)
  A bullfrog skeleton (D:5)
  An orc priest (D:5)
  3 jellies
  A centaur skeleton (D:3)
  3 iguanas
  Terence (D:3)
  2 scorpion zombies (D:3)
  An orc wizard (D:5)
  3 hound skeletons (D:3)
  A hound zombie (D:3)
  5 gnolls
  9 adders
  2 ufetubi
  An adder skeleton (D:3)
  3 dart slugs
  11 orcs
  5 endoplasms
  4 giant cockroaches
  9 goblins
  2 hobgoblins
  4 jackals
  11 kobolds
  5 quokkas
  6 ball pythons
  3 ball python zombies (D:3)
  4 bats
  10 frilled lizards
  3 quokka skeletons (D:3)
  2 quokka zombies (D:3)
  4 rats
126 creatures vanquished.

Vanquished Creatures (others)
  7 plants (D:2)
7 creatures vanquished.

Grand Total: 133 creatures vanquished

Notes
Turn   | Place    | Note
-------+----------+-------------------------------------------
     0 | D:1      | BALLS the Vine Stalker Fighter began the quest for the Orb.
     0 | D:1      | Reached XP level 1. HP: 11/11 MP: 2/2
    21 | D:1      | Reached skill level 2 in Long Blades
    75 | D:1      | Reached XP level 2. HP: 16/16 MP: 3/3
   399 | D:1      | Reached skill level 3 in Long Blades
   720 | D:1      | Reached XP level 3. HP: 16/19 MP: 4/4
   998 | D:2      | Found Zerit's Armour Shoppe.
  1096 | D:2      | Found Aleqegeo's Assorted Antiques.
  1210 | D:2      | Gained mutation: Your natural rate of healing is unusually
                  | fast. [Vine Stalker growth]
  1210 | D:2      | Reached XP level 4. HP: 23/23 MP: 5/5
  1226 | D:2      | Reached skill level 4 in Long Blades
  1279 | D:2      | Reached XP level 5. HP: 27/27 MP: 6/6
  1485 | D:2      | Found a faded altar of an unknown god.
  1778 | D:3      | Noticed a phantom
  1779 | D:3      | Reached skill level 5 in Long Blades
  1879 | D:3      | Reached XP level 6. HP: 28/32 MP: 5/7
  1993 | D:3      | Reached skill level 6 in Long Blades
  2247 | D:3      | Reached XP level 7. HP: 35/35 MP: 6/8
  2476 | D:3      | Noticed Terence
  2491 | D:3      | Killed Terence
  2735 | D:4      | Reached skill level 7 in Long Blades
  2872 | D:4      | Found Nadu's CLEARANCE SALE!.
  2897 | D:4      | Noticed Menkaure
  2904 | D:4      | Killed Menkaure
  3072 | D:5      | Entered Level 5 of the Dungeon
  3101 | D:5      | Found a staircase to the Ecumenical Temple.
  3109 | Temple   | Entered the Ecumenical Temple
  3115 | Temple   | Became a worshipper of Warmaster Okawaru
  3493 | D:5      | Reached skill level 5 in Fighting
  3496 | D:5      | Reached skill level 1 in Invocations
  3496 | D:5      | Gained mutation: You have razor-sharp teeth. [Vine Stalker
                  | growth]
  3496 | D:5      | Reached XP level 8. HP: 23/43 MP: 4/9
  3889 | D:5      | Found a bloodstained altar of Trog.
  3926 | D:5      | Reached * piety under Okawaru
  3973 | D:5      | HP: 2/43 [orc priest (5)]
  3973 | D:5      | Killed from afar by an orc priest

Illustrated notes

Levels and vault maps discovered:
D:1:      lightli_iron_boxes, layout_loops_ring, glass_columns_c
D:2:      minmay_chambers_of_ones, layout_loops_ring, serial_shops, shop,
          nicolae_shop_competitors_out_of_business,
          hellmonk_ecumenical_altar_dog_temple, minmay_lizard_king
D:3:      layout_basic, serial_undead, serial_undead_a, serial_undead_a,
          serial_undead_a, serial_undead_a, serial_undead_d, serial_undead_d,
          serial_undead_d, minmay_fractal_squares_gapless_5, uniq_terence
D:4:      layout_basic, nicolae_shop_clearance, uniq_menkaure
D:5:      layout_loops_corners, trog_hazing_becter, temple_green,
          nicolae_concentric_dashed_squares_mild, uniq_prince_ribbit1,
          uniq_crazy_yiuf_cottage
Temple:   eino_temple_rhombus

Skill      XL: |  1  2  3  4  5  6  7  8 |
---------------+-------------------------+-----
Long Blades    | 2 3 4 5 6 7 |  7.0
Fighting       | 5 |  5.0
Invocations    | 1 3 |  3.1
Armour         | |  2.4
Shields        | |  2.6

Action                   |  1- 3 |  4- 6 |  7- 9 || total
-------------------------+-------+-------+-------++-------
Melee: Long sword        |    69 |   156 |   139 ||   364
       Bite              |    12 |    38 |    42 ||    92
Armor: Scale mail        |    22 |    44 |    32 ||    98
Dodge: Dodged            |    27 |    55 |    48 ||   130
Block: Buckler           |    26 |    92 |    74 ||   192
       Reflection        |       |     3 |     8 ||    11
